 Dungeon Crawl Stone Soup version 0.29.1-15-g9cfb28693d (webtiles) character file.

Game seed: 8950047442606603142

37454 Madmarshman the Severer (level 13, -22/122 HPs)
             Began as a Minotaur Berserker on Apr 5, 2023.
             Was the Champion of Trog.
             Killed from afar by a Hell Sentinel (36 damage)
             ... with damnation
             ... on level 1 of the Abyss on Apr 6, 2023.
             The game lasted 01:49:35 (14632 turns).

Madmarshman the Severer (Minotaur Berserker)       Turns: 14632, Time: 01:49:35

Health: -22/122    AC: 22    Str: 31    XL:     13   Next: 58%
Magic:  12/12      EV: 12    Int:  4    God:    Trog [******]
Gold:   405        SH:  0    Dex: 10    Spells: 12/12 levels left

rFire   . . .      SeeInvis .   I - +2 battleaxe (elec)
rCold   . . .      Faith    .   (shield currently unavailable)
rNeg    . . .      Spirit   .   S - +1 plate armour {rPois}
rPois   +          Reflect  .   (helmet restricted)
rElec   .          Harm     .   x - scarf {repulsion}
rCorr   .          Rampage  .   l - +1 pair of gloves
Will    .....                   E - +0 pair of boots
Stlth   ..........              G - amulet of regeneration
HPRegen 1.10/turn               f - ring of poison resistance
MPRegen 0.13/turn               B - +6 ring of strength

@: studying Armour, repel missiles
A: horns 2, retaliatory headbutt, [weak 1]
a: Renounce Religion, Berserk, Trog's Hand, Brothers in Arms


You were on level 1 of the Abyss.
You worshipped Trog.
Trog was exalted by your worship.
You visited 2 branches of the dungeon, and saw 13 of its levels.
You visited the Abyss 1 time.
You also visited: Ossuary.

You collected 766 gold pieces.
You spent 361 gold pieces at shops.

Inventory:

Hand Weapons
 d - a +3 war axe
 i - a +0 antimagic broad axe
 n - a +1 sling of freezing
 r - a +6 hand axe of venom
 z - the +9 whip "Sutraonar" {freeze, rF+ Str+3 Int+4}
   (You found it on level 11 of the Dungeon)

   It freezes those it strikes, dealing additional cold damage.
   It can also slow down cold-blooded creatures.
   Str:       It affects your strength (+3).
   Int:       It affects your intelligence (+4).
   rF:        It protects you from fire.
 I - a +2 battleaxe of electrocution (weapon)
 R - a +3 flail
 U - a +0 morningstar
Missiles
 a - a curare-tipped dart
 b - 4 boomerangs
 e - 49 stones (quivered)
 v - 5 boomerangs of dispersal
 J - 15 poisoned darts
Armour
 l - a +1 pair of gloves (worn)
 x - a scarf of repulsion (worn)
 E - a +0 pair of boots (worn)
 S - a +1 plate armour of poison resistance (worn)
Jewellery
 f - a ring of poison resistance (left hand)
 B - a +6 ring of strength (right hand)
 F - a ring of magical power
 G - an amulet of regeneration (around neck)
 N - a ring of protection from fire
 O - a ring of willpower
 V - an amulet of guardian spirit
Wands
 M - a wand of flame (16)
Scrolls
 j - 8 scrolls of teleportation
 p - 3 scrolls of butterflies
 y - 2 scrolls of magic mapping
 A - 2 scrolls of fear
 Q - a scroll of poison
 T - 2 scrolls of silence
Potions
 c - a potion of lignification
 g - 3 potions of curing
 k - 3 potions of attraction
 m - 3 potions of haste
 o - a potion of resistance {unknown}
 s - 2 potions of magic
 t - a potion of berserk rage {unknown}
 u - a potion of mutation {unknown}
 w - 3 potions of might
 C - a potion of invisibility {unknown}
 D - 3 potions of flight {unknown}
 H - a potion of cancellation {unknown}
 K - 9 potions of ambrosia
 P - a potion of brilliance {unknown}


   Skills:
 + Level 13.0 Fighting
 * Level 17.6(17.9) Axes
 - Level 5.6(12.7) Maces & Flails
 + Level 16.3 Armour
 + Level 11.6 Dodging


You had 12 spell levels left.
You didn't know any spells.
Your spell library was empty.

Dungeon Overview and Level Annotations

Branches:
Dungeon (12/15)            Temple (0/1) D:6            Lair (0/5) D:10
    Orc (1/2) D:11        Ossuary (visited)

Altars:
Ashenzari
Dithmenos
Elyvilon
Gozag
Kikubaaqudgha
Nemelex Xobeh
Okawaru
Qazlal
Trog
Uskayaw
Xom
Zin
The Shining One

Shops:
D:6 !   D:8 =*:=*   D:10 (


Innate Abilities, Weirdness & Mutations

You have a pair of horns on your head.
You reflexively headbutt those who attack you in melee.
[You are weak. (Str -2)]


Message History

The damnation engulfs the Hell Sentinel.
The Hell Sentinel completely resists.
You hear a roar!
You hear a chilling moan.
You hear a bark!
You hear a shout!
You hear a bark! x2
You hit the Hell Sentinel but do no damage.
The Hell Sentinel is lightly wounded.
The Hell Sentinel barely misses you. The Hell Sentinel hits you!
You hit the Hell Sentinel but do no damage.
You headbutt the Hell Sentinel, but do no damage.
The Hell Sentinel is lightly wounded.
The Hell Sentinel hits you!! The Hell Sentinel misses you.
You hit the Hell Sentinel but do no damage.
You headbutt the Hell Sentinel.
The Hell Sentinel is lightly wounded.
You hit the Hell Sentinel but do no damage.
You headbutt the Hell Sentinel.
The Hell Sentinel is moderately wounded.
You slice the ice devil!!
The Hell Sentinel completely misses you.
The Hell Sentinel hits you!
The ice devil hits you but does no damage.
A quasit comes into view.
You hit the Hell Sentinel but do no damage.
The Hell Sentinel is moderately wounded.
You slice the ice devil!!
You kill the ice devil!
Trog accepts your kill.
A smoke demon comes into view.
The Hell Sentinel hits you!!
* * * LOW HITPOINT WARNING * * *
The Hell Sentinel hits you!
* * * LOW HITPOINT WARNING * * *
You hit the Hell Sentinel. You headbutt the Hell Sentinel.
The Hell Sentinel is moderately wounded.
The Hell Sentinel barely misses you. The Hell Sentinel misses you.
You slash the Hell Sentinel!
The Hell Sentinel is moderately wounded.
The Hell Sentinel gestures at you.
The sphere of damnation explodes!
The damnation engulfs you!!!
You die...

. # . # #..#.. .# .
# .. .# . # . . .#.
.## . ## # #.#
..##.. # # .. #
##.###...... #.
#...# ###.#.#.......
##...##.#.#.........
# .....#.#..@1..#
##.#..#..#5#.#......
.......#....# +.#.#
.#....#...#3..# ..
#...##.# #...#.. . #
.#..# #.#...# ## #.#
ยง#.##.#. ##. . #
..#... . .


You could see a Hell Sentinel, a smoke demon and a quasit.

Vanquished Creatures
  A bone dragon (D:12)
  2 liches (Abyss:1)
  An orc warlord (Orc:1)
  A hydra (D:11)
  An ogre mage (D:12)
  9 two-headed ogres
  A thrashing horror (Abyss:1)
  A wretched star (Abyss:1)
  A deep elf pyromancer (D:12)
  5 wolf spider zombies (D:12)
  An orc knight (Orc:1)
  An ugly thing (D:12)
  2 cyclopes
  2 manticores (D:11)
  A worldbinder (Abyss:1)
  A gargoyle (D:12)
  9 centaur skeletons (D:12)
  An unseen horror (D:12)
  An ice devil (Abyss:1)
  A harpy zombie (D:12)
  A queen bee (D:11)
  A large abomination (Abyss:1)
  3 hornets
  3 trolls
  Sigmund (D:5)
  A wraith (D:10)
  2 vampires (D:9)
  3 wyverns (D:9)
  2 shadows (D:11)
  3 small abominations (Abyss:1)
  7 yaks
  Grum (D:11)
  6 vampire mosquitoes
  4 wargs
  3 acid dragons
  A floating eye (D:9)
  2 water moccasins
  A swamp drake (D:11)
  5 ice beasts
  17 orc warriors
  A black bear (D:8)
  A hornet zombie (D:12)
  7 ogres
  7 centaurs
  4 wolves (D:11)
  A phantom (D:7)
  3 kobold brigands
  7 bullfrogs
  A gnoll sergeant (D:10)
  A scorpion (D:6)
  4 wights
  36 killer bees
  5 howler monkeys
  An electric eel (D:10)
  4 crimson imps (D:10)
  A quasit (Abyss:1)
  8 centaur zombies
  5 hounds
  3 jellies
  10 orc priests
  4 iguanas
  21 orc wizards
  6 mummies (Ossuary)
  7 gnolls
  4 adders
  A shadow imp (D:5)
  A white imp (D:5)
  3 ufetubi
  2 worms
  4 dart slugs
  59 orcs
  10 ball pythons
  3 endoplasms
  4 giant cockroaches
  7 goblins
  6 hobgoblins
  4 jackals (D:1)
  13 kobolds
  3 quokkas
  3 bats
  7 frilled lizards
  4 hobgoblin zombies (Ossuary)
  6 rats
402 creatures vanquished.

Vanquished Creatures (others)
  An orc warrior (D:11)
1 creature vanquished.

Grand Total: 403 creatures vanquished

Notes
Turn   | Place    | Note
-------+----------+-------------------------------------------
     0 | D:1      | Madmarshman the Minotaur Berserker began the quest for the
                  | Orb.
     0 | D:1      | Reached XP level 1. HP: 19/19 MP: 0/0
   233 | D:1      | Reached XP level 2. HP: 27/27 MP: 1/1
   263 | D:1      | Reached skill level 4 in Axes
   363 | D:1      | Found a faded altar of an unknown god.
   761 | D:1      | Reached XP level 3. HP: 33/33 MP: 2/2
   903 | D:1      | Reached ** piety under Trog
  1508 | D:2      | Found a glowing golden altar of the Shining One.
  1951 | D:3      | Reached XP level 4. HP: 38/40 MP: 3/3
  2292 | D:3      | Found a bloodstained altar of Trog.
  2369 | D:3      | Noticed a bullfrog
  2377 | D:3      | Killed a bullfrog
  2378 | D:3      | Reached skill level 5 in Axes
  2378 | D:3      | Reached XP level 5. HP: 42/47 MP: 4/4
  3139 | D:4      | Found Jasateol's Assorted Antiques.
  3294 | D:4      | Reached *** piety under Trog
  4159 | D:5      | Entered Level 5 of the Dungeon
  4176 | D:5      | Reached XP level 6. HP: 53/55 MP: 5/5
  4187 | D:5      | Found a sand-covered staircase.
  4192 | Ossuary  | Entered an ossuary
  4203 | Ossuary  | Reached skill level 5 in Fighting
  4203 | Ossuary  | Reached skill level 6 in Axes
  4871 | D:5      | Noticed an ice beast
  4889 | D:5      | Killed an ice beast
  4890 | D:5      | Reached XP level 7. HP: 44/61 MP: 6/6
  4894 | D:5      | Reached skill level 7 in Axes
  5204 | D:5      | Reached skill level 5 in Armour
  5716 | D:5      | Found a broken altar of Ashenzari.
  5752 | D:5      | Noticed Sigmund
  5759 | D:5      | Killed Sigmund
  5894 | D:6      | Reached skill level 8 in Axes
  5894 | D:6      | Reached skill level 5 in Dodging
  5894 | D:6      | Reached XP level 8. HP: 70/70 MP: 7/7
  5898 | D:6      | Found Gagh's Distillery.
  5908 | D:6      | Bought a potion of heal wounds for 70 gold pieces
  5908 | D:6      | Bought a potion of curing for 42 gold pieces
  5908 | D:6      | Bought a potion of might for 56 gold pieces
  5919 | D:6      | Found a white marble altar of Elyvilon.
  6077 | D:6      | Found a staircase to the Ecumenical Temple.
  6669 | D:7      | Noticed a hornet
  6675 | D:7      | Killed a hornet
  6683 | D:7      | Reached skill level 9 in Axes
  6782 | D:7      | Reached XP level 9. HP: 73/79 MP: 8/8
  7027 | D:7      | Found a hide-covered altar of Uskayaw.
  7513 | D:7      | Identified a scroll of acquirement
  7513 | D:7      | Acquired a manual of Armour
  7659 | D:8      | Found Ciohemira's Jewellery Shoppe.
  7720 | D:8      | Reached skill level 10 in Axes
  7742 | D:8      | Found Piotuiwn's Jewellery Shop.
  7823 | D:8      | Noticed a two-headed ogre
  7828 | D:8      | Killed a two-headed ogre
  7910 | D:8      | Found Moewk's Tremendous Tomes.
  7919 | D:8      | Reached **** piety under Trog
  7953 | D:8      | Found an opulent altar of Gozag.
  7974 | D:8      | Reached skill level 11 in Axes
  7979 | D:8      | Found a shadowy altar of Dithmenos.
  8120 | D:8      | Found an ancient bone altar of Kikubaaqudgha.
  8221 | D:8      | Found a glowing silver altar of Zin.
  8293 | D:8      | Found Diru's Elemental Accessories.
  8299 | D:8      | Bought a wand of flame (9) for 81 gold pieces
  8348 | D:8      | Found a sparkling altar of Nemelex Xobeh.
  8388 | D:8      | Reached XP level 10. HP: 62/90 MP: 9/9
  8666 | D:8      | Found Ramuunas's Assorted Antiques.
  8789 | D:8      | Found an iron altar of Okawaru.
  9295 | D:9      | Noticed a two-headed ogre
  9302 | D:9      | Killed a two-headed ogre
  9303 | D:9      | Reached skill level 12 in Axes
  9522 | D:9      | Noticed a two-headed ogre
  9526 | D:9      | Reached skill level 10 in Armour
  9529 | D:9      | Killed a two-headed ogre
  9644 | D:9      | Paralysed by a floating eye for 2 turns
  9855 | D:9      | Reached skill level 13 in Axes
  9907 | D:9      | Reached XP level 11. HP: 70/99 MP: 10/10
 10167 | D:9      | Reached skill level 10 in Fighting
 10656 | D:10     | Entered Level 10 of the Dungeon
 10677 | D:10     | Reached ***** piety under Trog
 10830 | D:10     | Found a staircase to the Lair.
 10949 | D:10     | Found a stormy altar of Qazlal.
 11065 | D:10     | Found a shimmering altar of Xom.
 11093 | D:10     | Reached skill level 14 in Axes
 11144 | D:10     | Found Gimuf's Antique Weapon Emporium.
 11148 | D:10     | Bought a morningstar for 112 gold pieces
 11463 | D:11     | Noticed a four-headed hydra
 11472 | D:11     | Killed a four-headed hydra
 11615 | D:11     | Identified the +9 whip "Sutraonar" {freeze, rF+ Str+3
                  | Int+4}
 11727 | D:11     | Reached skill level 1 in Maces & Flails
 11807 | D:11     | Noticed Grum
 11815 | D:11     | Killed Grum
 12323 | D:11     | Reached XP level 12. HP: 105/110 MP: 11/11
 12337 | D:11     | Found a staircase to the Orcish Mines.
 12486 | D:12     | Reached skill level 15 in Axes
 12495 | D:12     | Noticed a two-headed ogre
 12501 | D:12     | Killed a two-headed ogre
 12548 | D:12     | Reached skill level 10 in Dodging
 12588 | D:12     | Noticed an ogre mage
 12597 | D:12     | Noticed a two-headed ogre
 12600 | D:12     | Noticed a two-headed ogre
 12600 | D:12     | Noticed a two-headed ogre
 12602 | D:12     | Noticed a two-headed ogre
 12605 | D:12     | Killed a two-headed ogre
 12605 | D:12     | Killed an ogre mage
 12610 | D:12     | Killed a two-headed ogre
 12612 | D:12     | Killed a two-headed ogre
 12614 | D:12     | Noticed a two-headed ogre
 12838 | D:12     | Killed a two-headed ogre
 12924 | D:12     | Reached ****** piety under Trog
 12925 | D:12     | Reached skill level 5 in Maces & Flails
 12991 | D:12     | Killed a two-headed ogre
 13149 | D:12     | Reached skill level 16 in Axes
 13357 | D:12     | Received a gift from Trog
 13358 | D:12     | Reached skill level 15 in Armour
 13399 | D:12     | Reached XP level 13. HP: 102/118 MP: 12/12
 13416 | D:12     | Found the +9 sword of Zonguldrok {reap}
 13416 | D:12     | Noticed a bone dragon
 13438 | D:12     | Killed a bone dragon
 13638 | Orc:1    | Entered Level 1 of the Orcish Mines
 13868 | Orc:1    | Reached skill level 17 in Axes
 13932 | Orc:1    | Noticed an orc warlord
 13951 | Orc:1    | Killed an orc warlord
 14149 | Abyss:1  | Cast into level 1 of the Abyss (orc wizard)
 14391 | Abyss:1  | Noticed a lich
 14395 | Abyss:1  | Killed a lich
 14492 | Abyss:1  | Noticed a lich
 14500 | Abyss:1  | Killed a lich
 14620 | Abyss:1  | Noticed a Hell Sentinel
 14632 | Abyss:1  | Killed from afar by a Hell Sentinel

Illustrated notes

Levels and vault maps discovered:
D:1:      tarquinn_simple_flora_water_b, layout_basic,
          hellmonk_ecumenical_altar_pennies_from_heaven, minmay_tetromino_l2
D:2:      layout_rooms, basic_altar
D:3:      layout_loops_ring, trog_three_pillars_becter, st_stairs_4,
          minmay_checkerbox
D:4:      layout_layer_cave, serial_shops, nicolae_diamond_shop
D:5:      layout_loops_ring, mainiacjoe_overflow_cross_hatched,
          nicolae_ossuary_entry_plus, uniq_sigmund
D:6:      layout_basic, amcnicky_altar_gilded,
          minmay_temple_entry_statues_fountains, serial_shops, shop
D:7:      layout_loops_ring, eat_drink_and_be_merry_uskayaw
D:8:      layout_loops_corners, lemuel_crystal_altar,
          mainiacjoe_overflow_alcove_1, nicolae_dithmenos_the_darkroom,
          mainiacjoe_overflow_brackets, mainiacjoe_overflow_catwalk_spiral,
          serial_shops, nicolae_shop_waterfront, shop_fountains,
          nicolae_diamond_shop, nicolae_shop_i_like_big_books,
          minmay_misc_feat_cross, wad_floor_pattern_untrapped,
          chequers_serial_rivers_small_3, nicolae_elemental_shop,
          grunt_ministairs_7, kennysheep_generic_room_15
D:9:      layout_stronghold, onia_ninara_cookie
D:10:     layout_loops_cross, grunt_qazlal_sundering, led_xom_imps,
          erik_lair_orcish_takeover, serial_shops, kennysheep_mini,
          lightli_minifort
D:11:     layout_roguey, erik_orc_1, special_room [special_room_bee], uniq_grum
D:12:     layout_gridville, minmay_guarded_unrand_zonguldrok
Orc:1:    layout_diamond_mine, serial_shops, shop,
          nicolae_volcano_entry_vermiform
Abyss:1:  base: Lair:4, minivault_11

Skill      XL: |  1  2  3  4  5  6  7  8  9 10 11 12 13 |
---------------+----------------------------------------+-----
Axes           | 4 5 6 8 9 11 13 14 16 17 | 17.6
Fighting       | 4 5 6 7 8 9 11 12 13 | 13.0
Armour         | 3 4 5 6 9 11 13 15 16 | 16.3
Dodging        | 3 4 5 6 7 8 9 10 11 | 11.6
Maces & Flails | 3 5 |  5.6

Action                   |  1- 3 |  4- 6 |  7- 9 | 10-12 | 13-15 || total
-------------------------+-------+-------+-------+-------+-------++-------
Melee: Hand axe          |    51 |       |       |       |       ||    51
       Headbutt          |    14 |    11 |    38 |    81 |    35 ||   179
       Battleaxe         |    32 |    91 |   176 |   424 |   124 ||   847
       Morningstar       |       |       |       |     7 |       ||     7
       Punch             |       |       |       |     1 |       ||     1
Throw: Stone             |       |     4 |     6 |     9 |       ||    19
Invok: Berserk           |       |     2 |     2 |     4 |     3 ||    11
       Trog's Hand       |       |     1 |     2 |     2 |     2 ||     7
  Use: Scroll            |     5 |     5 |     7 |     3 |     2 ||    22
       Potion            |       |       |       |     2 |     1 ||     3
Armor: Animal skin       |     4 |       |       |       |       ||     4
       Chain mail        |    33 |    71 |    72 |       |       ||   176
       Plate armour      |       |       |    48 |   373 |    83 ||   504
Dodge: Dodged            |    33 |    51 |   107 |   342 |    69 ||   602
       Repelled          |       |       |     2 |     6 |     1 ||     9
